 Dungeon Crawl Stone Soup version 0.29-a0-410-g9596d59a08 (webtiles) character file.

Game seed: 2542907660261362811

2191 Bruhh the Thaumaturge (level 9, 0/55 HPs)
             Began as a Djinni Earth Elementalist on May 14, 2022.
             Slain by an eight-headed hydra (12 damage)
             ... on level 8 of the Dungeon.
             The game lasted 00:08:42 (8363 turns).

Bruhh the Thaumaturge (Djinni Earth Elementalist)   Turns: 8363, Time: 00:08:43

Health: 0/55       AC:  5    Str: 13    XL:     9   Next: 59%
Gold:   280        EV: 13    Int: 21    God:
                   SH:  0    Dex: 20

rFire   + + .      SeeInvis .   A - +5 scimitar
rCold   x . .      Faith    .   (no shield)
rNeg    . . .      Spirit   .   b - +0 robe
rPois   ∞          Reflect  .   t - +0 helmet
rElec   .          Harm     .   r - +1 cloak
rCorr   .          Rampage  .   (no gloves)
Will    .....                   (boots unavailable)
Stlth   ++........              (no amulet)
HPRegen 0.18/turn               e - +6 ring of dexterity
MPRegen 0.00/turn               x - +6 ring of strength

@: flying
A: sickness immunity, fire resistance 2, cold vulnerability 1, float, innate
caster, HP casting, extra vitality 1
a: no special abilities


You were on level 8 of the Dungeon.
You visited 1 branch of the dungeon, and saw 8 of its levels.

You collected 280 gold pieces.

Inventory:

Hand Weapons
 a - a +0 vorpal falchion
 A - a +5 scimitar (weapon)
Missiles
 j - 97 stones
Armour
 b - a +0 robe (worn)
 r - a +1 cloak (worn)
 t - a +0 helmet (worn)
Jewellery
 c - a +4 ring of protection
 e - a +6 ring of dexterity (left hand)
 w - a ring of protection from fire
 x - a +6 ring of strength (right hand)
Wands
 B - a wand of flame (16)
Scrolls
 g - a scroll of vulnerability
 h - a scroll of enchant armour
 k - 2 scrolls of enchant weapon
 l - 6 scrolls of identify {unknown}
 m - a scroll of teleportation
 n - a scroll of amnesia {unknown}
 p - 2 scrolls of fear {unknown}
 q - 3 scrolls of poison {unknown}
 v - a scroll of torment {unknown}
 y - a scroll of summoning {unknown}
Potions
 d - a potion of attraction {unknown}
 f - a potion of flight {unknown}
 i - a potion of haste {unknown}
 o - 2 potions of brilliance {unknown}
 s - a potion of curing {unknown}
 u - a potion of ambrosia {unknown}
 z - a potion of berserk rage {unknown}
 C - a potion of magic {unknown}


   Skills:
 - Level 2.1 Dodging
 - Level 1.5 Stealth
 + Level 9.7 Spellcasting


You had 7 spell levels left.
You knew the following spells:

 Your Spells              Type           Power      Damage    Failure   Level
a - Sandblast             Erth           100%       2d20      1%          1
b - Passwall              Tmut/Erth      41%        N/A       1%          2
c - Stone Arrow           Conj/Erth      100%       3d13      1%          3
d - Petrify               Tmut/Erth      50%        N/A       1%          4
e - Magic Dart            Conj           100%       1d8       1%          1
f - Call Imp              Summ           50%        N/A       1%          2
g - Ozocubu's Armour      Ice            50%        N/A       1%          3
h - Passage of Golubria   Tloc           50%        N/A       1%          4
Your spell library was empty.

Dungeon Overview and Level Annotations

Branches:
Dungeon (8/15)
 Temple: D:4-7         Lair: D:8-11

Altars:
Qazlal
Wu Jian

Shops:
D:2 *   D:3 !   D:4 [   D:5 *


Innate Abilities, Weirdness & Mutations

You are immune to sickness and miasma.
You are immune to poison.
Your flesh is very heat resistant. (rF++)
You are vulnerable to cold. (rC-)
You float through the air rather than walking.
You learn spells naturally, not from books.
Your magical power is your life essence.
You have superior vitality. (+4 MHP)


Message History

A centaur comes into view.
Found a helmet.
A centaur is nearby!
A centaur is nearby!
A centaur is nearby!
The stone arrow hits the centaur!!
You kill the centaur!
You can't see any susceptible monsters within range! (Use Z to cast anyway.)
You can't see any susceptible monsters within range! (Use Z to cast anyway.)
There is an open door here.
Things that are here:
a +0 shortbow; a centaur corpse You reach down and open the door.
There is an open door here.
An eight-headed hydra and a hornet come into view.
Found 15 gold pieces.
There are monsters nearby!
There are monsters nearby!
There are monsters nearby!
The stone arrow hits the hornet!
The hornet is moderately wounded.
The hornet buzzes angrily.
The eight-headed hydra roars!
The stone arrow hits the hornet!
The hornet is heavily wounded.
The stone arrow hits the hornet!!
You kill the hornet!
The stone arrow hits the eight-headed hydra!
The eight-headed hydra is lightly wounded.
The stone arrow hits the eight-headed hydra!
The eight-headed hydra is moderately wounded.
The stone arrow hits the eight-headed hydra!!
The eight-headed hydra is heavily wounded.
The stone arrow hits the eight-headed hydra!!
The eight-headed hydra is almost dead.
The eight-headed hydra bites you! The eight-headed hydra misses you.
The eight-headed hydra bites you but does no damage.
The eight-headed hydra bites you!
* * * LOW HITPOINT WARNING * * *
The eight-headed hydra bites you!
You die...

#. #.. #$..
#...##+###
.........#
.........#
......D..#
#@####+#
##.##...#
+.......#
#.......#
#.......#
#.......#
#.......#
#.......#
#+#####'##...#


You could see an eight-headed hydra.

Vanquished Creatures
  A hornet (D:8)
  2 water moccasins
  An ice beast (D:7)
  3 ogres (D:5)
  2 centaurs
  A phantom (D:4)
  3 bullfrogs
  2 necrophages
  A scorpion (D:6)
  3 wights (D:6)
  6 hounds
  3 jellies
  An orc priest (D:5)
  A gnoll shaman (D:5)
  An iguana (D:5)
  3 orc wizards
  9 gnolls (D:5)
  2 adders
  2 worms (D:4)
  22 orcs
  8 ball pythons
  11 bats
  6 endoplasms
  4 giant cockroaches
  6 goblins
  9 hobgoblins
  9 jackals
  2 quokkas
  4 frilled lizards
  6 kobolds
  4 rats
138 creatures vanquished.

Notes
Turn   | Place    | Note
-------+----------+-------------------------------------------
     0 | D:1      | Bruhh the Djinni Earth Elementalist began the quest for the
                  | Orb.
     0 | D:1      | Reached XP level 1. HP: 15/15 MP: 0/0
   225 | D:1      | Reached XP level 2. HP: 12/21 MP: 0/0
   478 | D:1      | Reached skill level 3 in Spellcasting
  1166 | D:1      | Reached XP level 3. HP: 17/25 MP: 0/0
  1166 | D:1      | Learned a level 1 spell: Magic Dart
  2200 | D:2      | Found Waec's General Store.
  2435 | D:2      | Found a faded altar of an unknown god.
  2722 | D:2      | Reached XP level 4. HP: 29/31 MP: 0/0
  3078 | D:3      | Found Hiexkux's Distillery.
  3399 | D:3      | Noticed a necrophage
  3405 | D:3      | Killed a necrophage
  3406 | D:3      | Reached skill level 4 in Spellcasting
  3406 | D:3      | Reached XP level 5. HP: 19/35 MP: 0/0
  3406 | D:3      | Learned a level 2 spell: Call Imp
  4087 | D:4      | Noticed a phantom
  4093 | D:4      | Found Vekef's Armour Shoppe.
  4094 | D:4      | Killed a phantom
  4095 | D:4      | Reached XP level 6. HP: 27/40 MP: 0/0
  4105 | D:4      | Reached skill level 5 in Spellcasting
  4855 | D:4      | Found an ornate altar of the Wu Jian Council.
  5042 | D:5      | Entered Level 5 of the Dungeon
  5059 | D:5      | HP: 1/40 [gnoll/+0 spear[a gnoll shaman] (8)]
  5408 | D:5      | Noticed a water moccasin
  5411 | D:5      | Killed a water moccasin
  5412 | D:5      | Reached skill level 6 in Spellcasting
  5412 | D:5      | Reached XP level 7. HP: 42/45 MP: 0/0
  5412 | D:5      | Learned a level 3 spell: Ozocubu's Armour
  5542 | D:5      | Found Jantu's Assorted Antiques.
  5976 | D:5      | Reached XP level 8. HP: 46/50 MP: 0/0
  6081 | D:5      | Reached skill level 7 in Spellcasting
  6923 | D:6      | Reached skill level 8 in Spellcasting
  7055 | D:6      | Found a stormy altar of Qazlal.
  7281 | D:6      | Reached XP level 9. HP: 46/55 MP: 0/0
  7281 | D:6      | Learned a level 4 spell: Passage of Golubria
  7862 | D:7      | Reached skill level 9 in Spellcasting
  8356 | D:8      | Noticed an eight-headed hydra
  8356 | D:8      | Noticed a hornet
  8359 | D:8      | Killed a hornet
  8363 | D:8      | Slain by an eight-headed hydra

Illustrated notes

Levels and vault maps discovered:
D:1:      psy_arrival_radial01, layout_basic, minmay_misc_feat_enclosed,
          kennysheep_nondescript, minmay_misc_feat_diagonals,
          nicolae_concentric_dashed_squares_mild, minmay_unequal
D:2:      layout_basic, serial_shops, shop_statue,
          hellmonk_ecumenical_altar_lost_god
D:3:      layout_loops_ring, serial_shops, shop_statue, minmay_diced_spiral
D:4:      layout_loops_cross, mainiacjoe_overflow_concentric_impassable,
          serial_shops, nicolae_shop_trees, kennysheep_generic_room_7
D:5:      layout_loops_corners, nicolae_stop_n_shop_1, grunt_ministairs_8
D:6:      layout_loops_ring, mainiacjoe_overflow_six_doors_small,
          minmay_misc_feat_iff, hex_tiny, mrwooster_statue_mirror
D:7:      layout_cave_pools, lemuel_temple_firewalk_b
D:8:      layout_gridville, david_lair_shrubbed

Skill      XL: |  1  2  3  4  5  6  7  8  9 |
---------------+----------------------------+-----
Spellcasting   | 3 4 6 8 9 |  9.7
Dodging        | |  2.1
Stealth        | |  1.5

Action                   |  1- 3 |  4- 6 |  7- 9 || total
-------------------------+-------+-------+-------++-------
Melee: Unarmed           |    12 |       |       ||    12
       Falchion          |     2 |    23 |    13 ||    38
       Punch             |       |       |     1 ||     1
       Scimitar          |       |       |     9 ||     9
 Cast: Sandblast         |    30 |    52 |    29 ||   111
       Magic Dart        |    43 |    28 |       ||    71
       Stone Arrow       |       |     2 |    60 ||    62
  Use: Potion            |       |     1 |     3 ||     4
       Scroll            |       |       |     6 ||     6
 Stab: Sleeping          |       |     1 |       ||     1
Armor: Robe              |     2 |    12 |     9 ||    23
Dodge: Dodged            |    25 |    43 |    46 ||   114

Table legend: (Time is in decaauts)
 A = Elapsed time spent in this place.
 B = Non-inter-level travel time spent in this place.
 C = Inter-level travel time spent in this place.
 D = Time resting spent in this place.
 E = Time spent auto-exploring this place.
 F = Levels seen in this place.
 G = Mean time per level.
                   A        B        C        D        E       F      G
               +--------+--------+--------+--------+--------+-----+--------+
         Total |   8374 |   8222 |    152 |      0 |   7409 |   8 | 1046.8 |
       Dungeon |   8374 |   8222 |    152 |      0 |   7409 |   8 | 1046.8 |
               +--------+--------+--------+--------+--------+-----+--------+

Top non-repeatable levels by time:
     D:1: 1970 daAuts
     D:5: 1606 daAuts
     D:6: 1162 daAuts
     D:2: 1062 daAuts
     D:3: 1039 daAuts
     D:4: 975 daAuts
     D:8: 321 daAuts
     D:7: 236 daAuts
